AoeStats
← Warcanoe

Arabia

505294834Analyzed
2v2 RM · 24d ago on Sep 8, 2026· 52m 12s· 4 players
Game mode
Random Map
Map size
Medium (4 player)
Population
200
Speed
Normal
Resources
Standard
Victory
Conquest
Starting age
Dark Age
Ending age
Imperial Age
RankedLock teamsTeams togetherTeam positionsShared explorationLock speedFull tech treeHidden civsTurbo modeCheats
Victory
Defeat
🇩🇪 Britons · Germany
1254
+14
🇨🇭 Celts · Switzerland
1215
+15
🇧🇪 Hindustanis · Belgium
1228
-15
🇧🇪 Tatars · Belgium
1182
-14
in'Shalie
6:04 Loom
10:06 Feudal Age
12:29 Double-Bit Axe
15:16 Fletching
15:10 Horse Collar
18:49 Padded Archer Armor
23:23 Castle Age
23:10 Gold Mining
23:28 Crossbowman
24:04 Bodkin Arrow
24:56 Scale Barding Armor
25:02 Bloodlines
27:22 Husbandry
28:30 Chain Barding Armor
28:48 Town Watch
28:59 Elite Skirmisher
36:57 Bow Saw
36:49 Heavy Plow
38:14 Leather Archer Armor
39:18 Forging
40:12 Gold Shaft Mining
42:21 Ballistics
46:24 Imperial Age
46:29 Iron Casting
45:51 Light Cavalry
50:13 Plate Barding Armor
51:35 Murder Holes
in'Thomas
5:20 Loom
9:46 Feudal Age
10:15 Double-Bit Axe
11:04 Horse Collar
19:58 Castle Age
18:12 Padded Archer Armor
20:54 Fletching
23:26 Bow Saw
24:23 Wheelbarrow
23:33 Town Watch
24:18 Bodkin Arrow
24:28 Gold Mining
24:55 Leather Archer Armor
25:40 Bodkin Arrow
27:50 Ballistics
28:20 Elite Skirmisher
31:03 Squires
32:43 Bloodlines
32:55 Forging
32:50 Scale Barding Armor
34:50 Chain Barding Armor
36:43 Iron Casting
38:38 Hand Cart
38:23 Town Patrol
42:30 Imperial Age
41:09 Stone Mining
41:22 Heavy Plow
41:58 Gold Shaft Mining
41:46 Scale Mail Armor
42:45 Chain Mail Armor
44:16 Blast Furnace
44:29 Conscription
45:57 Thumb Ring
45:22 Elite Ghulam
46:39 Hoardings
46:13 Siege Engineers
47:59 Ring Archer Armor
48:33 Chemistry
47:29 Murder Holes
dasmurka
7:39 Loom
9:39 Feudal Age
10:41 Double-Bit Axe
15:05 Horse Collar
17:08 Fletching
23:43 Castle Age
22:05 Padded Archer Armor
23:45 Gold Mining
23:53 Crossbowman
24:54 Bodkin Arrow
25:48 Wheelbarrow
26:31 Ballistics
28:13 Leather Archer Armor
27:55 Town Watch
28:23 Bow Saw
32:35 Masonry
35:07 Imperial Age
35:10 Arbalester
37:20 Two-Man Saw
36:26 Bracer
38:35 Hand Cart
40:08 Conscription
41:40 Yeomen
43:31 Hoardings
45:17 Chemistry
44:48 Architecture
45:21 Gold Shaft Mining
44:36 Stone Mining
46:46 Siege Engineers
47:25 Caravan
47:55 Coinage
47:36 Guilds
47:22 Man-at-Arms
47:48 Arson
48:04 Squires
47:49 Gambesons
48:07 Scale Mail Armor
48:17 Forging
48:39 Ring Archer Armor
49:38 Long Swordsman
51:05 Chain Mail Armor
51:26 Iron Casting
50:42 Two-Handed Swordsman
52:28 Plate Mail Armor
51:26 Champion
Warcanoe
2:09 Loom
10:05 Feudal Age
10:23 Man-at-Arms
17:30 Double-Bit Axe
18:28 Horse Collar
22:45 Castle Age
22:14 Scale Mail Armor
22:45 Gold Mining
23:25 Forging
22:59 Long Swordsman
25:58 Chain Mail Armor
28:42 Arson
28:59 Gambesons
29:13 Pikeman
31:16 Heavy Plow
32:05 Iron Casting
41:59 Imperial Age
40:06 Wheelbarrow
39:17 Town Watch
40:09 Bow Saw
40:40 Gold Shaft Mining
39:55 Stone Mining
40:45 Murder Holes
41:11 Ballistics
40:55 Fletching
44:02 Stone Shaft Mining
44:13 Plate Mail Armor
45:21 Chemistry
46:09 Blast Furnace
46:30 Elite Woad Raider
49:42 Halberdier
Connection lost

Rejoining the realm…

Still unreachable

The connection could not be restored.

Session expired

The server has moved on; the page needs a fresh start.